 Seeded DCSS version 0.28.0-62-gf88900778d (webtiles) character file.

Game seed: 13591998346360536447 (custom seed)

6 Psyclone the Conjurer (level 1, -2/13 HPs)
             Began as a Gnoll Conjurer on Oct 25, 2023.
             Slain by a kobold
             ... wielding a +0 short sword
              (4 damage)
             ... on level 1 of the Dungeon.
             The game lasted 00:00:35 (440 turns).

Psyclone the Conjurer (Gnoll Conjurer)               Turns: 440, Time: 00:00:36

Health: -2/13      AC:  2    Str: 12    XL:     1   Next: 90%
Magic:  6/6        EV: 13    Int: 24    God:
Gold:   14         SH:  0    Dex: 10    Spells: 8/9 levels left

rFire   + + .      SeeInvis .   (no weapon)
rCold   . . .      Faith    .   (no shield)
rNeg    . . .      Spirit   .   a - +0 robe
rPois   .          Reflect  .   (no helmet)
rElec   .          Harm     .   (no cloak)
rCorr   +          Rampage  .   (no gloves)
Will    .....                   (no boots)
Stlth   ++........              (no amulet)
HPRegen 0.04/turn               b - ring of Autumn {rF++ rCorr Str+6 Int+7}
MPRegen 0.10/turn               (no ring)

@: no status effects
A: fangs 1, strong nose, distributed training
a: no special abilities


You were on level 1 of the Dungeon.
You visited 1 branch of the dungeon, and saw 2 of its levels.

You collected 14 gold pieces.

Inventory:

Armour
 a - a +0 robe (worn)
Jewellery
 b - the ring of Autumn (left hand) {rF++ rCorr Str+6 Int+7}
   (You acquired it on level 2 of the Dungeon)

   [ring of strength]

   Str:       It affects your strength (+6).
   Int:       It affects your intelligence (+7).
   rF:        It greatly protects you from fire.
   rCorr:     It protects you from acid and corrosion.


   Skills:
 + Level 0.2 Fighting
 + Level 0.2 Short Blades
 + Level 0.2 Long Blades
 + Level 0.2 Axes
 + Level 0.2 Maces & Flails
 + Level 0.2 Polearms
 + Level 0.2 Staves
 + Level 0.2 Slings
 + Level 0.2 Bows
 + Level 0.2 Crossbows
 + Level 0.2 Throwing
 + Level 0.2 Armour
 + Level 4.4 Dodging
 + Level 4.0 Stealth
 + Level 0.2 Shields
 + Level 0.2 Unarmed Combat
 + Level 4.9 Spellcasting
 + Level 7.0 Conjurations
 + Level 0.1 Hexes
 + Level 0.1 Summonings
 + Level 0.1 Necromancy
 + Level 0.1 Translocations
 + Level 0.1 Transmutations
 + Level 0.1 Fire Magic
 + Level 0.1 Ice Magic
 + Level 0.1 Air Magic
 + Level 0.1 Earth Magic
 + Level 0.1 Poison Magic
 + Level 0.3 Invocations
 + Level 0.2 Evocations


You had 8 spell levels left.
You knew the following spells:

 Your Spells              Type           Power      Damage    Failure   Level
a - Magic Dart            Conj           100%       1d8       1%          1

Your spell library contained the following spells:

 Spells                   Type           Power      Damage    Failure   Level
 Searing Ray              Conj           78%        2d7       1%          2
 Dazzling Flash           Conj/Hex       46%        N/A       6%          3
 Fulminant Prism          Conj/Hex       11%        3d9       21%         4
 Iskenderun's Mystic Bla  Conj/Tloc      23%        2d6       21%         4


Dungeon Overview and Level Annotations

Branches:
Dungeon (2/15)

Altars:


Innate Abilities, Weirdness & Mutations

You have very sharp teeth.
Your uncanny sense of smell can sniff out nearby items.
Your experience applies equally to all skills.


Message History

Found a robe.
The endoplasm quivers.
The helpless kobold fails to defend itself.
You hit the kobold but do no damage. The kobold hits you but does no damage.
You barely miss the kobold.
The kobold hits you with a +0 short sword.
You take 3 damage, and have 10/13 hp.
MASSIVE DAMAGE!!
You closely miss the kobold. The kobold barely misses you.
You closely miss the kobold. The kobold misses you.
You closely miss the kobold. The kobold barely misses you.
You hit the kobold.
The kobold is moderately wounded.
The kobold hits you with a +0 short sword.
You take 1 damage, and have 9/13 hp.
You hit the kobold but do no damage.
The kobold is moderately wounded.
The kobold hits you with a +0 short sword.
You take 4 damage, and have 5/13 hp.
MASSIVE DAMAGE!!
You closely miss the kobold. You bite the kobold, but do no damage.
The kobold is moderately wounded.
The kobold hits you with a +0 short sword.
You take 1 damage, and have 4/13 hp.
You miss the kobold.
The kobold is moderately wounded.
The kobold hits you but does no damage.
You hit the kobold but do no damage.
The kobold is moderately wounded.
The kobold hits you with a +0 short sword.
* * * LOW HITPOINT WARNING * * *
You barely miss the kobold.
The kobold is moderately wounded.
The kobold completely misses you.
You hit the kobold.
The kobold is heavily wounded.
The kobold completely misses you.
You take 2 damage, and have 2/13 hp.
You hit the kobold.
The kobold is severely wounded.
The kobold hits you with a +0 short sword.
You die...

#......#
######.# #>#
#.# ### #.#
#[. #.# #.#
#.# #J# #.#
#K# #.# #@#
#.# #.# ∆ #.#
#.#
#.#########.#
#...........#
#############


You could see an endoplasm and a kobold.

Vanquished Creatures
  3 jackals (D:1)
  A kobold (D:1)
  A rat (D:1)
5 creatures vanquished.

Vanquished Creatures (others)
  3 plants (D:1)
3 creatures vanquished.

Grand Total: 8 creatures vanquished

Notes
Turn   | Place    | Note
-------+----------+-------------------------------------------
     0 | D:1      | Psyclone the Gnoll Conjurer began the quest for the Orb.
     0 | D:1      | Reached XP level 1. HP: 13/13 MP: 6/6
   319 | D:2      | Identified a scroll of acquirement
   319 | D:2      | Acquired the ring of Autumn {rF++ rCorr Str+6 Int+7}
   440 | D:1      | Slain by a kobold

Illustrated notes

Levels and vault maps discovered:
D:1:      wander_arrival_fairy_ring, layout_basic, chequers_serial_rivers_room_a
D:2:      layout_loops_ring, shapermc_ecumenical_altar_venn, uniq_natasha

Action                   || total
-------------------------++-------
Melee: Unarmed           ||    13
       Bite              ||     1
 Cast: Magic Dart        ||     6
  Use: Scroll            ||     1
 Stab: Sleeping          ||     1
Armor: Robe              ||     2
Dodge: Dodged            ||     5
